AoeStats
← The Snail

Hill Fort

503942469Analyzed
2v2 RM · 1mo ago on Sep 3, 2026· 35m 4s· 4 players
Game mode
Random Map
Map size
Medium (4 player)
Population
200
Speed
Normal
Resources
Standard
Victory
Conquest
Starting age
Dark Age
Ending age
Imperial Age
RankedLock teamsTeams togetherTeam positionsShared explorationLock speedFull tech treeHidden civsTurbo modeCheats
Victory
Defeat
🇨🇴 Khmer · Colombia
792
+12
🇨🇴 Spanish · Colombia
739
+14
🇺🇸 Vikings · United States
709
-28
🇺🇸 Khmer · United States
695
-13
krodie1029
14:10 Feudal Age
14:40 Horse Collar
14:46 Double-Bit Axe
14:54 Gold Mining
15:55 Wheelbarrow
19:35 Bloodlines
28:37 Castle Age
26:59 Scale Barding Armor
28:31 Forging
29:28 Heavy Plow
31:55 Husbandry
Judaaf
1:46 Loom
13:29 Feudal Age
14:01 Double-Bit Axe
17:41 Castle Age
15:36 Horse Collar
16:43 Stone Mining
16:45 Gold Mining
18:44 Bow Saw
18:40 Heavy Plow
19:21 Gold Shaft Mining
19:24 Stone Shaft Mining
22:05 Wheelbarrow
23:28 Hand Cart
25:20 Husbandry
25:32 Bloodlines
25:27 Husbandry
25:37 Bloodlines
25:54 Town Watch
30:19 Fortified Wall
30:02 Guard Tower
33:32 Imperial Age
35:28 Caravan
seagull warrior
12:10 Feudal Age
17:36 Double-Bit Axe
20:19 Fletching
21:29 Padded Archer Armor
23:09 Man-at-Arms
23:35 Arson
24:52 Forging
24:44 Scale Mail Armor
26:04 Scale Barding Armor
28:54 Castle Age
31:25 Town Watch
33:50 Wheelbarrow
34:18 Bow Saw
33:52 Horse Collar
34:09 Pikeman
The Snail
18:33 Feudal Age
19:01 Man-at-Arms
24:46 Forging
24:40 Scale Mail Armor
28:20 Arson
34:44 Castle Age
Connection lost

Rejoining the realm…

Still unreachable

The connection could not be restored.

Session expired

The server has moved on; the page needs a fresh start.